 Dungeon Crawl Stone Soup version 0.22.1-2-g9c5b331 (webtiles) character file.

3448 Tiagovsky the Slicer (level 10, -1/83 HPs)
             Began as a Merfolk Skald on Dec 30, 2018.
             Was a Believer of Nemelex Xobeh.
             Slain by a yak (12 damage)
             ... on level 11 of the Dungeon.
             The game lasted 01:05:54 (9691 turns).

Tiagovsky the Slicer (Merfolk Skald)                Turns: 9691, Time: 01:05:55

Health: -1/83      AC: 10    Str: 14    XL:     10   Next: 6%
Magic:  1/13       EV: 13    Int: 14    God:    Nemelex Xobeh [**....]
Gold:   452        SH:  0    Dex: 13    Spells: 7/13 levels left

rFire    . . .     SeeInvis +   a - +1 short sword
rCold    . . .     Gourm    .   (no shield)
rNeg     . . .     Faith    .   K - +1 steam dragon scales
rPois    .         Spirit   .   t - +1 helmet {SInv}
rElec    .         Reflect  .   (no cloak)
rCorr    .         Harm     .   u - +0 pair of gloves
MR       .....                  x - +0 pair of boots
Stlth    +.........             g - amulet of regeneration
HPRegen  1.63/turn              H - ring of wizardry
MPRegen  0.13/turn              (no ring)

@: regenerating (expiring)
A: change form in water, swift swim, stealthy swim
a: Renounce Religion


You were on level 11 of the Dungeon.
You worshipped Nemelex Xobeh.
Nemelex Xobeh was pleased with you.
You were not hungry.

You visited 2 branches of the dungeon, and saw 10 of its levels.
You also visited: Ossuary.

You collected 452 gold pieces.

Inventory:

Hand Weapons
 a - a +1 short sword (weapon)
 q - a +0 hunting sling
 O - the +10 mace "Boroitosh" {pain, rC+}
   (You found it on level 6 of the Dungeon)

   In the hands of one skilled in necromantic magic, it inflicts extra damage on
   living creatures.
   It protects you from cold.
 P - a +0 falchion
Missiles
 c - 333 stones (quivered)
 f - 122 arrows
 k - 16 poisoned needles
 l - 47 sling bullets
 y - 4 needles of paralysis
 C - a throwing net
 G - 33 bolts
Armour
 b - a +0 leather armour
 i - a +0 ring mail
 s - a +2 animal skin
 t - a +1 helmet of see invisible (worn)
 u - a +0 pair of gloves (worn)
 x - a +0 pair of boots (worn)
 K - +1 steam dragon scales (worn)
Jewellery
 g - an amulet of regeneration (around neck)
 H - a ring of wizardry (left hand)
 N - an uncursed amulet of regeneration
Wands
 z - a wand of scattershot (4)
 B - a wand of clouds (3)
Scrolls
 e - 4 scrolls of remove curse
 j - 7 scrolls of identify
 m - 2 scrolls of enchant armour
 n - 2 scrolls of blinking
 o - a scroll of magic mapping
 r - a scroll of enchant weapon
 D - a scroll of teleportation
Potions
 v - a potion of mutation {unknown}
 w - a potion of curing
 A - 2 potions of might {unknown}
 F - a potion of degeneration {unknown}
 J - 2 potions of brilliance {unknown}
 L - 2 potions of agility {unknown}
 R - 2 potions of invisibility {unknown}
Miscellaneous
 h - a plain deck of escape {drawn: 3}
 p - a legendary deck of destruction {drawn: 1}
 M - a plain deck of escape
Comestibles
 d - 11 rations


   Skills:
 + Level 9.1 Fighting
 + Level 10.0 Short Blades
 - Level 0.6 Armour
 - Level 2.6 Dodging
 - Level 2.0 Spellcasting
 + Level 9.5 Charms


You had 7 spell levels left.
You knew the following spells:

 Your Spells              Type           Power        Failure   Level  Hunger
a - Infusion              Chrm           ####         1%          1    ##.....
b - Song of Slaying       Chrm           ####....     1%          2    ###....
c - Regeneration          Chrm/Necr      ##........   4%          3    ####...

Your spell library contained the following spells:

 Spells                   Type           Power        Failure   Level  Hunger
 Shroud of Golubria       Chrm/Tloc      ##........   1%          2    ###....
 Spectral Weapon          Hex/Chrm       ##......     4%          3    ####...
 Sandblast                Erth           #.....       10%         1    ##.....
 Summon Small Mammal      Summ           #...         10%         1    ##.....
 Call Imp                 Summ           #.......     14%         2    ###....
 Passwall                 Tmut/Erth      #.......     14%         2    ###....
 Call Canine Familiar     Summ           #.......     26%         3    ####...
 Stone Arrow              Conj/Erth      #.....       26%         3    ####...
 Summon Guardian Golem    Hex/Summ       #.......     26%         3    ####...
 Petrify                  Tmut/Erth      #.......     65%         4    #####..
 Summon Ice Beast         Ice/Summ       #.......     65%         4    #####..
 Summon Lightning Spire   Summ/Air       #.......     65%         4    #####..
 Lee's Rapid Deconstruct  Erth           #.........   92%         5    ######.


Dungeon Overview and Level Annotations

Branches:
Dungeon (11/15)            Temple (1/1) D:4
   Lair: D:8-11         Orc: D:9-12

Altars:
Ashenzari
Cheibriados
Dithmenos
Elyvilon
Fedhas
Hepliaklqana
Kikubaaqudgha
Nemelex Xobeh
Okawaru
Qazlal
Ru
Sif Muna
Trog
Uskayaw
Wu Jian
Xom
Yredelemnul
Zin
The Shining One

Shops:
D:8 }

Annotations:
D:5 Dowan, Duvessa
D:11 exclusion: oklob plant


Message History

The yak is lightly wounded.
Your skin is crawling a little less now.
The yak gores you!
* * * LOW HITPOINT WARNING * * *
You hit the yak but do no damage.
The yak is lightly wounded.
You hit the yak.
The yak is lightly wounded.
The yak gores you but does no damage.
You hit the yak but do no damage.
The yak is lightly wounded.
The yak gores you!
* * * LOW HITPOINT WARNING * * *
You hit the yak.
The yak is moderately wounded.
You hit the yak but do no damage.
The yak is moderately wounded.
The yak gores you!
You die...
Your body glows slightly and disappears.

...#.###.......#
#...># #.......#
.....#
#.....Y.###
#....#
####..Y...#
.....# ######.#
##.### #Y# #.#
#Y# #Y# #@# #.#
#.# #.# ... #.#
#.# ..#


You could see 3 yaks.

Vanquished Creatures
  A wraith (D:11)
  2 yaks (D:11)
  2 steam dragons
  2 phantoms
  An ogre (D:5)
  2 elf zombies (D:4)
  A bullfrog (D:6)
  A gnoll sergeant (D:5)
  2 elf skeletons (D:4)
  5 wights (D:7)
  2 howler monkeys (D:5)
  A crimson imp (D:8)
  3 hounds
  2 orc priests
  A centaur skeleton (D:5)
  2 bullfrog skeletons (D:6)
  3 iguanas
  Natasha (twice) (D:3)
  6 worker ants
  A mummy (Ossuary)
  Robin (D:2)
  8 gnolls
  2 worker ant zombies
  4 adders
  3 shadow imps
  4 oozes
  An adder skeleton (D:4)
  2 adder zombies
  A worm (D:2)
  2 dart slugs
  10 leopard geckos
  14 orcs
  4 bats
  11 giant cockroaches
  11 goblins
  8 hobgoblins
  8 jackals
  A quokka (D:7)
  7 frilled lizards
  A giant cockroach zombie (D:6)
  4 hobgoblin zombies (Ossuary)
  6 kobolds
  2 kobold zombies (Ossuary)
  2 orc skeletons (D:4)
  A quokka skeleton (D:4)
  9 rats
169 creatures vanquished.

Vanquished Creatures (collateral kills)
  Gastronok (D:8)
  An ice beast (D:8)
  A centaur (D:8)
  An orc wizard (D:8)
  2 jackals (D:8)
6 creatures vanquished.

Vanquished Creatures (others)
  A leopard gecko (D:6)
  A fungus (D:5)
2 creatures vanquished.

Grand Total: 177 creatures vanquished

Notes
Turn   | Place    | Note
-------+----------+-------------------------------------------
     0 | D:1      | Tiagovsky the Merfolk Skald began the quest for the Orb.
     0 | D:1      | Reached XP level 1. HP: 16/16 MP: 3/3
   141 | D:1      | Reached XP level 2. HP: 8/23 MP: 1/5
   948 | D:2      | Reached skill level 3 in Short Blades
  1017 | D:2      | Reached XP level 3. HP: 16/28 MP: 2/6
  1235 | D:2      | Found a glowing golden altar of the Shining One.
  1284 | D:2      | Learned a level 2 spell: Song of Slaying
  1629 | D:2      | Reached XP level 4. HP: 32/35 MP: 1/7
  1642 | D:2      | Noticed Robin
  1664 | D:2      | Killed Robin
  2504 | D:3      | Found a sacrificial altar of Ru.
  2508 | D:3      | Found a glowing silver altar of Zin.
  2694 | D:3      | Found a blossoming altar of Fedhas.
  2839 | D:3      | Noticed Natasha
  2860 | D:3      | Killed Natasha
  2860 | D:3      | Reached skill level 4 in Short Blades
  2860 | D:3      | Reached XP level 5. HP: 37/41 MP: 4/8
  2921 | D:3      | Learned a level 3 spell: Regeneration
  2993 | D:3      | Noticed Natasha
  3005 | D:3      | Killed Natasha
  3453 | D:4      | Found a sparkling altar of Nemelex Xobeh.
  3472 | D:4      | Became a worshipper of Nemelex Xobeh the Trickster
  3612 | D:4      | Reached skill level 5 in Charms
  3612 | D:4      | Reached XP level 6. HP: 40/49 MP: 1/9
  3701 | D:4      | Reached skill level 5 in Short Blades
  3752 | D:4      | Found a sand-covered staircase.
  3797 | D:4      | Received a gift from Nemelex Xobeh
  3806 | Ossuary  | Entered an ossuary
  3982 | D:4      | Reached skill level 5 in Fighting
  3982 | D:4      | Reached XP level 7. HP: 55/56 MP: 10/10
  4352 | D:3      | Reached skill level 6 in Short Blades
  4837 | D:4      | Reached * piety under Nemelex Xobeh
  4850 | D:4      | Found a shimmering altar of Xom.
  5085 | D:4      | Found a staircase to the Ecumenical Temple.
  5091 | Temple   | Entered the Ecumenical Temple
  5259 | D:5      | Entered Level 5 of the Dungeon
  5660 | D:5      | Reached XP level 8. HP: 48/64 MP: 11/11
  5936 | D:5      | Reached skill level 7 in Short Blades
  6929 | D:6      | Noticed Duvessa
  6930 | D:6      | Noticed Dowan
  7531 | D:6      | Received a gift from Nemelex Xobeh
  7761 | D:6      | Reached skill level 8 in Short Blades
  7761 | D:6      | Reached XP level 9. HP: 72/72 MP: 12/12
  7963 | D:6      | Found an iron altar of Okawaru.
  8051 | D:6      | Got an ebony mace
  8052 | D:6      | Identified the +10 mace "Boroitosh" {pain, rC+} (You found
                  | it on level 6 of the Dungeon)
  8866 | D:7      | Received a gift from Nemelex Xobeh
  8938 | D:7      | Reached ** piety under Nemelex Xobeh
  9008 | D:7      | You fall through a shaft!
  9250 | D:8      | Noticed Gastronok
  9265 | D:8      | Killed Gastronok
  9265 | D:8      | Reached skill level 9 in Short Blades
  9270 | D:8      | Found Qourph's Gadget Shop.
  9281 | D:8      | Noticed a two-headed ogre
  9299 | D:8      | You fall through a shaft for 3 floors!
  9560 | D:11     | Noticed an oklob plant
  9661 | D:11     | Reached XP level 10. HP: 18/83 MP: 1/13
  9675 | D:11     | Reached skill level 10 in Short Blades
  9691 | D:11     | Slain by a yak

Skill      XL: |  1  2  3  4  5  6  7  8  9 10 |
---------------+-------------------------------+-----
Short Blades   | 3 4 5 6 8 9 10 | 10.0
Fighting       | 3 4 5 7 9 |  9.1
Charms         | 4 5 6 7 9 |  9.5
Armour         | |  0.6
Dodging        | |  2.6
Spellcasting   | |  2.0

Action                   |  1- 3 |  4- 6 |  7- 9 | 10-12 || total
-------------------------+-------+-------+-------+-------++-------
Melee: Short sword       |   124 |   251 |   714 |    28 ||  1117
 Fire: Hunting sling     |    13 |    71 |    94 |       ||   178
Throw: Stone             |    46 |     5 |    48 |       ||    99
 Cast: Infusion          |     6 |     6 |    10 |       ||    22
       Song of Slaying   |     1 |     2 |     2 |       ||     5
       Regeneration      |       |     1 |     6 |     1 ||     8
Evoke: Deck              |       |       |     4 |       ||     4
  Use: Scroll            |       |       |    13 |       ||    13
       Potion            |       |       |       |     1 ||     1
 Stab: Distracted        |       |       |     1 |       ||     1
  Eat: Chunk             |     2 |     8 |    12 |       ||    22
       Ration            |       |       |     3 |       ||     3
Armor: Leather armour    |    33 |       |       |       ||    33
       Animal skin       |       |    51 |    54 |       ||   105
       Steam dragon scal |       |       |   137 |     3 ||   140
Dodge: Dodged            |   105 |   132 |   394 |     9 ||   640
